 Dungeon Crawl Stone Soup version 0.21-a0-450-gd87a9b2 (webtiles) character file.

9657 Laiders the Spear-Bearer (level 11, -3/90 HPs)
             Began as a Merfolk Gladiator on Nov 18, 2017.
             Was a Follower of Qazlal.
             Slain by an orc warrior
             ... wielding a +0 trident
              (11 damage)
             ... on level 10 of the Dungeon on Nov 19, 2017.
             The game lasted 00:43:02 (11825 turns).

Laiders the Spear-Bearer (Merfolk Gladiator)       Turns: 11825, Time: 00:43:03

Health: -3/90      AC: 17    Str: 17    XL:     11   Next: 49%
Magic:  5/15       EV: 16    Int:  8    God:    Qazlal [*.....]
Gold:   545        SH:  7    Dex: 16    Spells: 10/10 levels left

rFire    . . .     SeeInvis .   a - +0 trident
rCold    . . .     Gourm    .   r - +0 buckler
rNeg     . . .     Faith    .   h - +1 scale mail {rPois}
rPois    +         Spirit   .   c - +1 helmet
rElec    .         Reflect  .   F - +0 cloak
rCorr    .         Harm     .   L - +0 pair of gloves
MR       .....                  (no boots)
Stlth    ..........             (no amulet)
HPRegen  0.25/turn              u - +5 ring of protection
MPRegen  0.14/turn              A - ring of poison resistance

@: hasted and slowed
A: change form in water, swift swim, stealthy swim
a: Renounce Religion


You were on level 10 of the Dungeon.
You worshipped Qazlal.
Qazlal was aware of your devotion.
You were not hungry.

You visited 2 branches of the dungeon, and saw 11 of its levels.
You also visited: Sewer.

You collected 545 gold pieces.

Inventory:

Hand Weapons
 a - a +0 trident (weapon)
Missiles
 d - 7 throwing nets (quivered)
 s - 6 javelins
 t - 11 tomahawks
Armour
 c - a +1 helmet (worn)
 h - a +1 scale mail of poison resistance (worn)
 r - a +0 buckler (worn)
 v - a +0 shield
 F - a +0 cloak (worn)
 L - a +0 pair of gloves (worn)
Jewellery
 p - an uncursed amulet of faith {unknown}
 u - a +5 ring of protection (left hand)
 A - a ring of poison resistance (right hand)
Wands
 w - a wand of confusion (28/48)
 G - a wand of polymorph (13/24)
 N - a wand of flame (19/48)
Scrolls
 j - 5 scrolls of teleportation
 o - 3 scrolls of enchant armour
 x - a scroll of summoning {unknown}
 y - a scroll of silence {unknown}
 B - a scroll of enchant weapon {unknown}
 E - a scroll of noise {unknown}
 H - a scroll of vulnerability {unknown}
 I - a scroll of remove curse
 K - a scroll of amnesia
Potions
 e - 2 potions of flight
 k - 2 potions of haste
 l - 8 potions of curing
 m - a potion of invisibility {unknown}
 n - a potion of ambrosia
 q - a potion of resistance
 z - 2 potions of brilliance
 J - a potion of lignification {unknown}
Books
 D - a Young Poisoner's Handbook

   Spells                             Type                      Level
   a - Sting                          Conjuration/Poison           1
   b - Poisonous Vapours              Poison/Air                   2
   c - Mephitic Cloud                 Conjuration/Poison/Air       3
   d - Olgreb's Toxic Radiance        Poison                       4
   e - Venom Bolt                     Conjuration/Poison           5
Comestibles
 f - 7 bread rations
 g - 7 meat rations
 i - 4 fruits
 C - 5 royal jellies


   Skills:
 + Level 9.9 Fighting
 - Level 14.0 Polearms
 - Level 2.0 Throwing
 + Level 4.3 Armour
 - Level 10.1 Dodging
 - Level 4.0 Shields
 + Level 6.4 Invocations


You had 10 spell levels left.
You didn't know any spells.

Dungeon Overview and Level Annotations

Branches:
Dungeon (10/15)            Temple (1/1) D:7            Lair (0/6) D:8
    Orc (0/2) D:9

Altars:
Ashenzari
Cheibriados
Dithmenos
Elyvilon
Fedhas
Gozag
Hepliaklqana
Kikubaaqudgha
Makhleb
Nemelex Xobeh
Okawaru
Qazlal
Sif Muna
Trog
Uskayaw
Wu Jian
Xom
Yredelemnul
Zin
The Shining One


Message History

The orc priest invokes the aid of Beogh against you.
Beogh smites you!
* * * LOW HITPOINT WARNING * * *
The big kobold hits you but does no damage.
The orc warrior is struck by lightning.
The orc warrior hits you but does no damage.
You hear an angry hiss.
You feel much better. The howler monkey barely misses you.
You block the big kobold's attack.
The orc warrior hits you with a trident!!
* * * LOW HITPOINT WARNING * * *
The howler monkey hits you.
* * * LOW HITPOINT WARNING * * *
The orc wizard mumbles some strange words.
The orc wizard blinks!
As you read the scroll labeled MONTUKK ESYMU, it crumbles to dust.
The dust glows bright aubergine!
It was a scroll of random uselessness.
The big kobold misses you.
The orc warrior hits you with a trident!
You die...

# ### .##
.....######...##)
#....h@KKo....)
#.##.##oK..<###
#. #oa#.## #.
#o.# # .. .... #h
#..#. .. †....#
#. #.## #


You could see a soldier ant, an orc warrior, a big kobold, a howler monkey, 2
orc priests, an orc and 2 kobolds.

Vanquished Creatures
  2 two-headed ogres (D:8)
  The ghost of feelmyfire the Grappler, a novice DrTm of Makhleb (D:9)
  The ghost of Qupu the Vexing, a novice GnAM of Dithmenos (D:6)
  Pikel (D:7)
  2 trolls
  Grinder (D:6)
  4 hogs (D:7)
  A human (D:7)
  Grum (D:9)
  Edmund (D:6)
  Duvessa (D:7)
  4 porcupines
  A water moccasin (D:9)
  6 orc warriors
  3 ice beasts
  3 black bears (D:8)
  2 phantoms
  5 ogres
  A centaur (D:7)
  6 wolves
  3 crocodiles (D:8)
  3 big kobolds
  4 bullfrogs
  A gnoll sergeant (D:6)
  Dowan (D:7)
  4 scorpions
  A wyvern skeleton (D:9)
  A crimson imp (D:6)
  9 orc priests
  2 jellies
  4 hounds
  An iron imp (D:6)
  7 orc wizards
  Crazy Yiuf (D:7)
  A centaur skeleton (D:5)
  2 iguanas
  Terence (D:3)
  3 worker ants
  2 hound zombies
  A hound skeleton (D:4)
  A worker ant zombie (D:7)
  A howler monkey skeleton (D:7)
  2 river rats
  9 adders
  7 gnolls
  An adder zombie (D:6)
  6 worms
  3 dart slugs
  9 leopard geckos
  38 orcs
  A ball python (D:3)
  9 giant cockroaches
  7 goblins
  8 hobgoblins
  6 jackals (D:2)
  19 kobolds
  3 quokkas
  7 bats
  5 frilled lizards
  A leopard gecko skeleton (D:6)
  11 rats
253 creatures vanquished.

Vanquished Creatures (others)
  4 fungi (D:8)
  6 plants (D:8)
10 creatures vanquished.

Grand Total: 263 creatures vanquished

Notes
Turn   | Place    | Note
-------+----------+-------------------------------------------
     0 | D:1      | Laiders the Merfolk Gladiator began the quest for the Orb.
     0 | D:1      | Reached XP level 1. HP: 16/16 MP: 1/1
   251 | D:1      | Reached skill level 5 in Polearms
   259 | D:1      | Reached XP level 2. HP: 22/22 MP: 2/2
   967 | D:2      | Reached skill level 6 in Polearms
   967 | D:2      | Reached XP level 3. HP: 27/27 MP: 3/3
  1776 | D:3      | Reached skill level 7 in Polearms
  1776 | D:3      | Reached XP level 4. HP: 33/33 MP: 4/4
  2520 | D:3      | Reached skill level 8 in Polearms
  2522 | D:3      | Reached XP level 5. HP: 38/38 MP: 5/5
  2530 | D:3      | Noticed Terence
  2629 | D:3      | Killed Terence
  2893 | D:4      | Reached skill level 9 in Polearms
  3002 | D:4      | Reached XP level 6. HP: 44/44 MP: 6/6
  3215 | D:4      | Noticed an ice beast
  3232 | D:4      | Killed an ice beast
  3232 | D:4      | Reached skill level 10 in Polearms
  3674 | D:5      | Entered Level 5 of the Dungeon
  3712 | D:5      | Reached XP level 7. HP: 48/50 MP: 7/7
  3836 | D:5      | Found a glowing drain.
  3844 | Sewer    | Entered a sewer
  3858 | Sewer    | Reached skill level 11 in Polearms
  3991 | Sewer    | Found a white marble altar of Elyvilon.
  4791 | D:5      | Found a shadowy altar of Dithmenos.
  4847 | D:5      | Reached skill level 12 in Polearms
  5260 | D:6      | Noticed Grinder
  5283 | D:6      | Paralysed by Grinder for 7 turns
  5296 | D:6      | Killed Grinder
  5296 | D:6      | Reached skill level 13 in Polearms
  5296 | D:6      | Reached XP level 8. HP: 40/56 MP: 8/8
  5622 | D:6      | Reached skill level 14 in Polearms
  5807 | D:6      | Noticed Edmund
  5822 | D:6      | Killed Edmund
  5822 | D:6      | Reached skill level 1 in Shields
  5868 | D:6      | Noticed Qupu's ghost (novice GnAM)
  5874 | D:6      | Found an opulent altar of Gozag.
  5928 | D:6      | Killed Qupu's ghost
  5928 | D:6      | Reached XP level 9. HP: 51/66 MP: 9/9
  6128 | D:6      | Found a white marble altar of Elyvilon.
  6129 | D:6      | Found a blossoming altar of Fedhas.
  6473 | D:6      | Found a snail-covered altar of Cheibriados.
  6687 | D:7      | Noticed Duvessa
  6702 | D:7      | Noticed Dowan
  6730 | D:7      | Reached skill level 5 in Fighting
  6756 | D:7      | Killed Duvessa
  6770 | D:7      | Killed Dowan
  7314 | D:7      | Found a runed door.
  7425 | D:7      | Reached XP level 10. HP: 46/77 MP: 10/10
  7751 | D:7      | Found a staircase to the Ecumenical Temple.
  7764 | Temple   | Entered the Ecumenical Temple
  7794 | Temple   | Became a worshipper of Qazlal Stormbringer
  7909 | D:7      | Reached skill level 1 in Invocations
  8086 | D:7      | Noticed Pikel
  8114 | D:7      | Killed Pikel
  8114 | D:7      | Reached skill level 1 in Armour
  8291 | D:7      | Found a shimmering altar of Xom.
  8483 | D:7      | Noticed Crazy Yiuf
  8490 | D:7      | Killed Crazy Yiuf
  8576 | D:8      | Noticed a two-headed ogre
  8610 | D:8      | Killed a two-headed ogre
  8610 | D:8      | Reached skill level 10 in Dodging
  8981 | D:8      | Noticed a two-headed ogre
  9002 | D:8      | Killed a two-headed ogre
  9462 | D:8      | Reached * piety under Qazlal
  9464 | D:8      | Found a staircase to the Lair.
  9470 | D:8      | Reached XP level 11. HP: 74/87 MP: 14/14
  9599 | D:8      | Reached skill level 5 in Invocations
 10006 | D:8      | Found an ancient bone altar of Kikubaaqudgha.
 10181 | D:9      | Noticed feelmyfire's ghost (novice DrTm)
 10257 | D:9      | Killed feelmyfire's ghost
 10882 | D:9      | Noticed Grum
 10935 | D:9      | Killed Grum
 11247 | D:9      | Reached ** piety under Qazlal
 11423 | D:9      | Found a staircase to the Orcish Mines.
 11770 | D:10     | Entered Level 10 of the Dungeon
 11825 | D:10     | Slain by an orc warrior

Vault maps used:
D:1:      minmay_arrival_arboretum_small
D:3:      first_bread, uniq_terence
D:4:      kennysheep_generic_room_12
D:5:      gup_sewer_entry_spiral, grunt_dithmenos_smoke
D:6:      slow_altar_1, gammafunk_temple_overflow_pools,
          nicolae_gozag_cash_rules_everything_around_me, uniq_edmund,
          uniq_grinder
D:7:      cheibrodos_iron_armory, lemuel_doored_altar,
          minmay_temple_entry_glassed_door, st_stairs_12, grunt_livestock,
          uniq_crazy_yiuf_cottage, uniq_pikel, uniq_duvessa
D:8:      kennysheep_mini, minmay_lair_entry_grove
D:9:      david_orc_4, serial_corexii_hall, corexii_hall_statues_i,
          corexii_hall_statues_u, corexii_hall_statues_i, uniq_grum
D:10:     serial_park_tiny_pond
Temple:   nicolae_temple_x_marks_the_god
Sewer:    sewer_kobolds

Skill      XL: |  1  2  3  4  5  6  7  8  9 10 11 |
---------------+----------------------------------+-----
Polearms       | 5 6 7 8 9 10 13 14 | 14.0
Shields        | 3 4 |  4.0
Fighting       | 4 6 8 9 |  9.9
Dodging        | 6 8 10 | 10.1
Invocations    | 4 6 |  6.4
Armour         | 3 4 |  4.3
Throwing       | |  2.0

Action                   |  1- 3 |  4- 6 |  7- 9 | 10-12 || total
-------------------------+-------+-------+-------+-------++-------
Melee: Trident           |   112 |   184 |   502 |   628 ||  1426
       Unarmed           |       |     1 |       |       ||     1
       Tailslap          |       |       |     3 |       ||     3
Throw: Throwing net      |       |       |       |     3 ||     3
Invok: Upheaval          |       |       |       |     4 ||     4
  Use: Scroll            |     3 |     5 |     6 |     5 ||    19
       Potion            |       |       |     1 |    10 ||    11
 Stab: Sleeping          |     1 |       |       |       ||     1
       Held in net/web   |       |       |       |     1 ||     1
  Eat: Chunk             |     2 |     7 |    11 |    15 ||    35
Armor: Leather armour    |    21 |       |       |       ||    21
       Scale mail        |    24 |    47 |    90 |   155 ||   316
Dodge: Dodged            |    57 |    67 |   125 |   320 ||   569
Block: Buckler           |       |    14 |    61 |   142 ||   217

Table legend:
 A = Spawn XP
 B = Non-spawn XP
 C = Spawn XP percentage of total XP
 D = Spawn monster count
 E = Non-spawn monster count
 F = Spawn count percentage of total count
 G = Total turns spent on level
                    A         B        C        D         E        F      G
               +---------+---------+-------+---------+---------+-------+---------
         Total |       0 |   13797 |   0.0 |       0 |     253 |   0.0 | 11825
               +---------+---------+-------+---------+---------+-------+---------
           D:1 |       0 |      39 |   0.0 |       0 |      19 |   0.0 |   972
           D:2 |       0 |      42 |   0.0 |       0 |      22 |   0.0 |   800
           D:3 |       0 |     130 |   0.0 |       0 |      26 |   0.0 |  1066
           D:4 |       0 |     357 |   0.0 |       0 |      13 |   0.0 |   836
           D:5 |       0 |     392 |   0.0 |       0 |      15 |   0.0 |  1391
           D:6 |       0 |    1911 |   0.0 |       0 |      27 |   0.0 |  1305
           D:7 |       0 |    3584 |   0.0 |       0 |      45 |   0.0 |  2130
           D:8 |       0 |    3409 |   0.0 |       0 |      24 |   0.0 |  1432
           D:9 |       0 |    3315 |   0.0 |       0 |      41 |   0.0 |  1598
          D:10 |       0 |     498 |   0.0 |       0 |      11 |   0.0 |    49
         Sewer |       0 |     120 |   0.0 |       0 |      10 |   0.0 |   194
               +---------+---------+-------+---------+---------+-------+---------
